AoeStats
← Abetterhandle

Nomad

503974374Analyzed
4v4 RM · 1mo ago on Sep 3, 2026· 42m 3s· 8 players
Game mode
Random Map
Map size
231×231
Population
200
Speed
Normal
Resources
Standard
Victory
Conquest
Starting age
Dark Age
Ending age
Imperial Age
RankedLock teamsTeams togetherTeam positionsShared explorationLock speedFull tech treeHidden civsTurbo modeCheats
Victory
Defeat
🇭🇰 Ethiopians · Hong Kong SAR China
935
+15
🇲🇽 Vikings · Mexico
924
+15
🇳🇿 Koreans · New Zealand
921
+15
🇨🇳 Britons · China
921
+15
🇨🇳 Vikings · China
1027
-20
🇭🇰 Bohemians · Hong Kong SAR China
912
-15
🇹🇼 Japanese · Taiwan
905
-15
🇨🇳 Georgians · China
787
-10
DangerWashington
4:33 Loom
19:25 Feudal Age
22:56 Castle Age
20:47 Fishing Lines
21:16 Fletching
22:01 Double-Bit Axe
24:11 Medium Warships
25:43 Wheelbarrow
26:45 Bow Saw
28:35 Hand Cart
29:10 Bodkin Arrow
29:29 Forging
34:35 Hand Cart
36:52 Imperial Age
34:42 Guard Tower
35:42 Ballistics
35:19 Murder Holes
37:09 Stone Mining
37:48 Pikeman
40:00 Squires
41:20 Bracer
leo67
4:57 Loom
17:05 Feudal Age
19:12 Horse Collar
19:27 Double-Bit Axe
19:28 Fishing Lines
22:14 Castle Age
23:18 Bow Saw
高老头子
7:58 Loom
15:01 Feudal Age
18:20 Double-Bit Axe
21:22 Castle Age
20:09 Stone Mining
20:11 Gold Mining
20:14 Fishing Lines
21:38 Scale Mail Armor
21:51 Forging
28:24 Squires
28:11 Gambesons
28:13 Arson
34:51 Iron Casting
36:16 Bow Saw
38:02 Horse Collar
42:47 Imperial Age
无奈独上青楼
3:04 Loom
15:34 Feudal Age
22:34 Castle Age
22:32 Double-Bit Axe
22:42 Stone Mining
28:20 Ballistics
31:39 Bow Saw
32:12 Treadmill Crane
39:05 Gold Mining
40:00 Stone Shaft Mining
Columbus
13:03 Feudal Age
16:15 Loom
20:38 Castle Age
18:57 Fletching
22:20 Double-Bit Axe
22:32 Crossbowman
23:15 Padded Archer Armor
28:21 Bodkin Arrow
32:56 Leather Archer Armor
33:16 Masonry
35:21 Horse Collar
36:19 Town Watch
39:22 Scale Mail Armor
41:34 Ballistics
41:40 Chain Mail Armor
42:26 Chieftains
42:40 Squires
Abetterhandle
4:26 Loom
5:05 Loom
15:03 Feudal Age
15:32 Double-Bit Axe
20:35 Castle Age
18:55 Fletching
21:08 Crossbowman
21:47 Stone Mining
21:48 Gold Mining
21:41 Horse Collar
29:20 Ballistics
30:15 Clinker Construction
30:16 Careening
30:16 Clinker Construction
31:02 Clinker Construction
31:02 Careening
31:02 Clinker Construction
36:18 Thumb Ring
42:40 Imperial Age
n00b
16:45 Feudal Age
17:31 Double-Bit Axe
21:13 Castle Age
20:01 Fishing Lines
32:04 Gold Mining
32:04 Stone Mining
rush then rush
4:17 Loom
16:31 Feudal Age
17:52 Wheelbarrow
16:58 Horse Collar
17:06 Double-Bit Axe
21:41 Castle Age
19:35 Stone Mining
23:53 Gold Mining
25:16 Forging
26:18 Scale Mail Armor
32:10 Heavy Plow
34:48 Iron Casting
34:28 Chain Mail Armor
42:26 Imperial Age
41:10 Coinage
41:35 Bow Saw
Connection lost

Rejoining the realm…

Still unreachable

The connection could not be restored.

Session expired

The server has moved on; the page needs a fresh start.